Workbook

Sheet PLANILHA
A1: ANEXO XI - MODELO ORÇAMENTO SINTÉTICO (PROPOSTA DE PREÇOS) CENTRO DE ESTUDOS DA HUMANIDADE CAMPUS PRESIDENTE JUSCELINO KUBITSCHEK - DIAMANTINA - MG
A2: TOTAL SEM BDI | G2: =G237 -> 0
A3: TOTAL DE BDI | G3: =G238 -> 0
A4: TOTAL COM BDI | G4: =G239 -> 0
A5: ITEM | B5: CODIGO | C5: DESCRIÇÃO | D5: UN | E5: QTDE | F5: P. TOTAL | G5: PREÇO
F6: UNITÁRIO | G6: TOTAL
A7: 01.00 | B7: SERVIÇOS PRELIMINARES
A8: 01.01 | B8: MOB-002 | C8: MOBILIZAÇÃO E DESMOBILIZAÇÃO DE OBRA - PARA OBRAS EXECUTADAS EM CENTROS URBANOS OU PRÓXIMOS DE CENTROS URBANOS - CONF. DESMOSTRATIVO EM ANEXO | D8: und | E8: 1 | G8: =E8*F8 -> 0
A9: 01.02 | B9: ADM-001 | C9: ADMINISTRAÇÃO LOCAL - CONF. DESMOSTRATIVO | D9: und | E9: 1 | G9: =E9*F9 -> 0
A10: SUBTOTAL | G10: =SUM(G8:G9) -> 0
A11: 02.00 | B11: CANTEIRO DE OBRAS
A12: 02.01 | B12: SINAPI - 74209/001 | C12: PLACA DE OBRA EM CHAPA DE ACO GALVANIZADO | D12: m² | E12: 9
A13: 02.02 | B13: SINAPI - 3805/001 | C13: BARRACAO DE OBRA PARA ALOJAMENTO/ESCRITORIO, PISO EM PINHO 3A, PAREDES EM COMPENSADO 10MM, COBERTURA EM TELHA AMIANTO 6MM, INCLUSO INSTALACO ES ELETRICAS E ESQUADRIAS | D13: m² | E13: 25
A14: 02.03 | B14: SINAPI - 74242/001 | C14: BARRACAO DE OBRA EM CHAPA DE MADEIRA COMPENSADA COM BANHEIRO, COBERTURA EM FIBROCIMENTO 4 MM, INCLUSO INSTALACOES HIDRO-SANITARIAS E ELETRICAS | D14: m² | E14: 86
A15: 02.04 | B15: SINAPI - 74210/001 | C15: BARRACAO PARA DEPOSITO EM TABUAS DE MADEIRA, COBERTURA EM FIBROCIMENTO 4 MM, INCLUSO PISO ARGAMASSA TRAÇO 1:6 (CIMENTO E AREIA) | D15: m² | E15: 25.41
A16: 02.05 | B16: SINAPI - 73960/001 | C16: INSTAL/LIGACAO PROVISORIA ELETRICA BAIXA TENSAO P/CANT OBRA OBRA,M3-CHAVE 100A CARGA 3KWH,20CV EXCL FORN MEDIDOR | D16: und | E16: 1
A17: 02.06 | B17: SINAPI - 73659-74218/001-74217/002 | C17: INSTAL/LIGACAO PROVISORIA DE AGUA EXCL FORN MEDIDOR | D17: und | E17: 1
A18: 02.07 | B18: SINAPI - 73784/002 | C18: LIGAÇÃO DE ESGOTO EM TUBO PVC ESGOTO SÉRIE-R DN 150MM, DA CAIXA ATÉ A REDE, INCLUINDO ESCAVAÇÃO E REATERRO ATÉ 1,00M, COMPOSTO POR 13,65M TUBO PVC SÉRIE-R ESGOTO DN 150MM - FORNECIMENTO E INSTALAÇÃO DE | D18: und | E18: 1
A19: 02.08 | B19: SINAPI - 74220/001 | C19: TAPUME DE CHAPA DE MADEIRA COMPENSADA (6MM) - PINTURA A CAL- APROVEITAMENTO 2 X | D19: m² | E19: 2820
A20: 02.09 | B20: SINAPI - 74077/001 | C20: LOCACAO CONVENCIONAL DE OBRA, ATRAVÉS DE GABARITO DE TABUAS CORRIDAS PONTALETADAS, SEM REAPROVEITAMENTO | D20: m² | E20: 1880
A21: SUBTOTAL | G21: =SUM(G12:G20) -> 0
A22: 03.00 | B22: MOVIMENTO DE TERRA
A23: 03.01 | B23: SINAPI - 73822/002 | C23: LIMPEZA DE TERRENO - RASPAGEM MECANIZADA (MOTONIVELADORA) DE CAMADA VEGETAL | D23: m² | E23: 3000
A24: 03.02 | B24: SETOP - TER-ATE-010 | C24: ATERRO COMPACTADO COM PLACA VIBRATÓRIA | D24: m² | E24: =1583.21*1.3 -> 2058.173
A25: 03.03 | B25: SINAPI - 74151/001 | C25: ESCAVACAO E CARGA MATERIAL 1A CATEGORIA, UTILIZANDO TRATOR DE ESTEIRAS DE 110 A 160HP COM LAMINA, PESO OPERACIONAL * 13T E PA CARREGADEIRA COM 170 HP. | D25: m³ | E25: =1740.22*1.3 -> 2262.286
A26: 03.04 | B26: SINAPI - 74140/003 | C26: CARGA, TRANSPORTE E DESCARGA MECANICA ATE 10,00 KM | D26: m³ | E26: =E25/3 -> 754.09533
A27: SUBTOTAL | G27: =SUM(G23:G26) -> 0
A28: 04.00 | B28: FUNDAÇÃO
A29: 04.01 | B29: SETOP - FUN-TRA-020 | C29: PERFURAÇÃO DE ESTACA BROCA A TRADO MANUAL D = 300 MM | D29: m | E29: 606
A30: 04.02 | B30: SINAPI - 72819 | C30: ESTACA A TRADO (BROCA) DIAMETRO 30CM EM CONCRETO ARMADO MOLDADA IN-LOC | D30: m | E30: 606
A31: 04.03 | B31: SINAPI - 73447 | C31: ESCAVACAO MANUAL DE VALAS EM TERRA COMPACTA, PROF. 2 M < H <= 3 M | D31: m³ | E31: 131.89
A32: 04.04 | B32: SINAPI - 5622 | C32: REGULARIZACAO E COMPACTACAO MANUAL DE TERRENO COM SOQUETE | D32: m² | E32: 108.12
A33: 04.05 | B33: SINAPI - 73964/006 | C33: REATERRO MANUAL DE VALAS | D33: m² | E33: 36.76
A34: 04.06 | B34: SINAPI - 74115/001 | C34: EXECUÇÃO DE LASTRO EM CONCRETO (1:2,5:6), PREPARO MANUAL | D34: m² | E34: 5.41
A35: 04.07 | B35: SINAPI - 73972/001 | C35: CONCRETO ESTRUTURAL FCK=25MPA, VIRADO EM BETONEIRA, NA OBRA, SEM LANÇAMENTO | D35: m³ | E35: 180.95
A36: 04.08 | B36: SINAPI - 74023/002 | C36: TRANSPORTE HORIZONTAL DE MATERIAIS DIVERSOS A 40M | D36: m³ | E36: =E35 -> 180.95
A37: 04.09 | B37: SINAPI - 74157/001 | C37: LANÇAMENTO E ADENSAMENTO DE CONCRETO EM FUNDAÇÕES. | D37: m³ | E37: =E36 -> 180.95
A38: 04.10 | B38: SINAPI - 74074/002 | C38: FORMA PINHO 3A P/CONCRETO EM FUNDAÇÃO REAPROV 3 VEZES - CORTE/MONTAGEM /ESCORAMENTO/DESFORMA, NÃO INCLUÍDO DEMOLDANTE | D38: m² | E38: 1359.01
A39: 04.11 | B39: SINAPI - 74254/002 | C39: ARMACAO ACO CA-50, DIAM. 6,3 (1/4) À 12,5MM(1/2) -FORNECIMENTO/ CORTE(PERDA DE 10%) / DOBRA / COLOCAÇÃO. | D39: kg | E39: 9054.6
A40: SUBTOTAL | G40: =SUM(G29:G39) -> 0
A41: 05.00 | B41: IMPERMEABILIZAÇÃO
A42: 05.01 | B42: SINAPI - 74106/001 | C42: IMPERMEABILIZAÇÃO COM TINTA BETUMINOSA EM FUNDAÇOES, BALDRAMES, EM DUAS DEMAOS | D42: m² | E42: 970.92 | G42: =E42*F42 -> 0
A43: SUBTOTAL | G43: =G42 -> 0
A44: 06.00 | B44: ESTRUTURAL
A45: 06.01 | B45: SINAPI - 73972/001 | C45: CONCRETO ESTRUTURAL FCK=25MPA, VIRADO EM BETONEIRA, NA OBRA, SEM LANÇAMENTO | D45: m³ | E45: 276.53
A46: 06.02 | B46: SINAPI - 74075/002 | C46: FORMA MADEIRA COMP RESINADA 12MM P/ESTRUTURA REAPROV 3 VEZES - CORTE/MONTAGEM/ESCORAMENTO/DESFORMA | D46: m² | E46: 3140.01
A47: 06.03 | B47: SINAPI - 74254/002 | C47: ARMACAO ACO CA-50, DIAM. 6,3 (1/4) À 12,5MM(1/2) -FORNECIMENTO/ CORTE(PERDA DE 10%) / DOBRA / COLOCAÇÃO. | D47: kg | E47: 27291.5
A48: 06.04 | B48: SINAPI - 74157/001 | C48: LANCAMENTO MANUAL DE CONCRETO EM ESTRUTURAS, INCL. VIBRACAO | D48: m³ | E48: =E45 -> 276.53
A49: 06.05 | B49: PESQUISA DE MERCADO | C49: LAJE NERVURADA ARMADA BIDIRECIONADA H = 25CM , COM FORMA EM CUBETES DE 80X80 SEM ENCHIMENTOS | D49: m² | E49: =908*2 -> 1816
A50: SUBTOTAL | G50: =SUM(G45:G49) -> 0
A51: 07.00 | B51: ALVENARIAS
A52: 07.01 | B52: SINAPI - 73935/002 | C52: ALVENARIA EM TIJOLO CERAMICO FURADO 10X20X20CM, 1 VEZ, ASSENTADO EM ARGAMASSA TRACO 1:5 (CIMENTO E AREIA), E=1CM | D52: m² | E52: 548.48
A53: 07.02 | B53: SINAPI - 73935/001 | C53: ALVENARIA EM TIJOLO CERAMICO FURADO 10X20X20CM, 1/2 VEZ, ASSENTADO EM ARGAMASSA TRACO 1:5 (CIMENTO E AREIA), E=1CM | D53: m² | E53: =2582.79+402.8 -> 2985.59
A54: 07.03 | B54: SINAPI - 73499 | C54: VERGAS DE CONCRETO ARMADO PARA ALVENARIA COM APROVEITAMENTO DA MADEIRA | D54: m³ | E54: 4.55
A55: SUBTOTAL | G55: =SUM(G52:G54) -> 0
A56: 08.00 | B56: COBERTURA
A57: 08.01 | B57: SINAPI - 72111 | C57: ESTRUTURA METALICA EM TESOURAS, VAO 15M | D57: m² | E57: 1053.32
A58: 08.02 | B58: SETOP - COB-TEL-050 | C58: COBERTURA EM TELHA METÁLICA GALVANIZADA TRAPEZOIDAL, DUPLA COM TRATAMENTO TERMO-ACÚSTICO | D58: m² | E58: 1053.32
A59: 08.03 | B59: SINAPI - 72109 | C59: RUFOS EM CHAPA DE ACO GALVANIZADO N.24, DESENVOLVIMENTO 50CM, DESENVOLVIMENTO 50CM | D59: m | E59: 216.72
A60: 08.04 | B60: SINAPI - 72105 | C60: CALHA EM CHAPA DE AÇO GALVANIZADO N.24, DESENVOLVIMENTO 50CM | D60: m | E60: 102.9
A61: 08.05 | B61: SETOP - PLU-CON-005 | C61: CONDUTOR DE AP DO TELHADO EM TUBO PVC ESGOTO,INCLUSIVE CONEXÕES E SUPORTES, 100 MM | D61: m | E61: 329.56
A62: 08.06 | B62: SINAPI - 41602 | C62: FORRO PVC EM PLACAS COM LARGURA DE 10CM, ESPESSURA 8MM, COMP DE 6,0M,LISO, (INCLUSIVE COLOCACAO, EXCLUSIVE ESTRUTURA DE SUPORTE) | D62: m² | E62: 392.62
A63: SUBTOTAL | G63: =SUM(G57:G62) -> 0
A64: 09.00 | B64: PISO
A65: 09.01 | B65: SINAPI - 74249/001 | C65: LASTRO DE BRITA 25MM, ESPESSURA 3CM, INCLUSO COMPACTACAO MANUAL | D65: m² | E65: 1053.32
A66: 09.02 | B66: SINAPI - 6042 | C66: CONCRETO NÃO ESTRUTURAL, PREPARO C/ BETONEIRA CONSUMO CIMENTO=210KG/M3 PARA LASTROS, CONTRAPISOS, CALÇADAS, ETC... | D66: m³ | E66: =1053.32*0.07 -> 73.7324
A67: 09.03 | B67: SINAPI - 73919/006 | C67: CONTRAPISO EM ARGAMASSA TRACO 1:4 (CIMENTO E AREIA), INTERNO SOBRE LAJE, ADERIDO, ESPESSURA 2,5CM, PREPARO MECANICO | D67: m² | E67: 2106.64
A68: 09.04 | B68: SINAPI - 73829/001 | C68: PISO EM CERAMICA ESMALTADA 1A PEI-V, PADRAO MEDIO, ASSENTADA COM ARGAMASSA COLANTE | D68: m² | E68: =E67 -> 2106.64
A69: 09.05 | B69: SINAPI - 73985/001 | C69: RODAPE EM CERAMICA ESMALTADA LINHA POPULAR PEI-4, ASSENTADA COM ARGAMASSA FABRICADA NO LOCAL, COM REJUNTAMENTO EM CIMENTO BRANCO | D69: m | E69: 1904.44
A70: 09.06 | B70: SETOP - PIS-BOR-005 | C70: PLACA DE BORRACHA 500 X 500 X 3,5 MM PASTILHADO PARA COLA PRETO | D70: m2 | E70: 202.2
A71: 09.07 | B71: SETOP - PIS-FAI-005 | C71: FAIXA ANTIDERRAPANTE NOS DEGRAUS DE ESCADA | D71: m | E71: 80.66
A72: SUBTOTAL | G72: =SUM(G65:G71) -> 0
A73: 10.00 | B73: ESQUADRIAS
A74: 10.01 | B74: ESQUADRIAS DE MADEIRA
A75: 10.01.01 | B75: SINAPI - 73910/008 | C75: PORTA DE MADEIRA COMPENSADA LISA PARA PINTURA, 1,20X2,10M, INCLUSO ADUELA 2A, ALIZAR 2A E DOBRADICA | D75: und | E75: 19
A76: 10.01.02 | B76: SINAPI - 73910/011 | C76: PORTA DE MADEIRA COMPENSADA LISA PARA PINTURA, 1,60X2,10M, INCLUSO ADUELA 2A, ALIZAR 2A E DOBRADICA | D76: und | E76: 3
A77: 10.01.03 | B77: SINAPI - 73910/006 | C77: PORTA DE MADEIRA COMPENSADA LISA PARA PINTURA, 0,80X2,10M, INCLUSO ADUELA 2A, ALIZAR 2A E DOBRADICA | D77: und | E77: 9
A78: 10.01.04 | B78: SINAPI - 73910/001 | C78: PORTA DE MADEIRA COMPENSADA LISA PARA PINTURA, 0,60X2,10M, INCLUSO ADUELA 2A, ALIZAR 2A E DOBRADICA | D78: und | E78: 10
A79: 10.02 | B79: ACABAMENTO
A80: 10.02.01 | B80: SINAPI - 74070/001 | C80: FECHADURA DE EMBUTIR COMPLETA, PARA PORTAS INTERNAS, PADRAO DE ACABAMENTO POPULAR | D80: und | E80: =31 -> 31
A81: 10.03 | B81: ESQUADRIAS METALICAS
A82: 10.03.01 | B82: SINAPI - 74067/002 | C82: JANELA ALUMINIO DE CORRER, 2 FOLHAS PARA VIDRO, COM BANDEIRA, LINHA 25 | D82: m² | E82: 649.49
A83: 10.04 | B83: VIDROS
A84: 10.04.01 | B84: SINAPI - 72117 | C84: VIDRO LISO COMUM TRANSPARENTE, ESPESSURA 4MM | D84: m² | E84: 362.61
A85: SUBTOTAL | G85: =SUM(G75:G84) -> 0
A86: 11.00 | B86: REVESTIMENTOS
A87: 11.01 | B87: REVESTIMENTO INTERNO/EXTERNA
A88: 11.01.01 | B88: SINAPI - 5974 | C88: CHAPISCO EM PAREDES TRACO 1:4 (CIMENTO E AREIA), ESPESSURA 0,5CM, PREPARO MECANICO | D88: m² | E88: =3029.58+2280.19 -> 5309.77
A89: 11.01.02 | B89: SINAPI - 5978 | C89: EMBOCO PAULISTA (MASSA UNICA) EM TETOS TRACO 1:2:4 (CIMENTO, CAL E AREIA), ESPESSURA 2,0CM, PREPARO MECANICO | D89: m² | E89: =E88 -> 5309.77
A90: 11.01.03 | B90: SINAPI - 73925/002 | C90: AZULEJO 1A 20X15CM FIXADO ARGAMASSA COLANTE, REJUNTAMENTO COM CIMENTO BRANCO | D90: m² | E90: 162.64
A91: 11.02 | B91: REVESTIMENTO TETO
A92: 11.02.01 | B92: SINAPI - 5975 | C92: CHAPISCO EM TETO TRACO 1:4 (CIMENTO E AREIA), ESPESSURA 0,5CM, PREPARO MECANICO | D92: m² | E92: 1710.42
A93: 11.02.02 | B93: SINAPI - 5983 | C93: EMBOCO PAULISTA (MASSA UNICA) EM TETOS TRACO 1:2:4 (CIMENTO, CAL E AREIA), ESPESSURA 2,0CM, PREPARO MECANICO | D93: m² | E93: =E92 -> 1710.42
A94: SUBTOTAL | G94: =SUM(G88:G93) -> 0
A95: 12.00 | B95: PINTURA
A96: 12.01 | B96: PINTURA INTERNA/EXTERNA
A97: 12.01.01 | B97: SINAPI - 74233/001 | C97: FUNDO SELADOR ACRILICO AMBIENTES INTERNOS/EXTERNOS, UMA DEMAO | D97: m² | E97: =E89-E90 -> 5147.13
A98: 12.01.02 | B98: SINAPI - 74134/001 | C98: EMASSAMENTO COM MASSA LATEX PVA PARA AMBIENTES INTERNOS, DUAS DEMAOS | D98: m² | E98: =E97 -> 5147.13
A99: 12.01.03 | B99: SINAPI - 73954/001 | C99: PINTURA LATEX ACRILICA AMBIENTES INTERNOS/EXTERNOS, TRES DEMAOS | D99: m² | E99: =E97 -> 5147.13
A100: 12.02 | B100: PINTURA TETO
...

Sheet PLANILHA ANALITICA
A1: ANEXO XII - MODELO COMPOSIÇÃO CUSTOS UNTIÁRIOS (PLANILHA ANALÍTICA - DEMONSTRAÇÃO PROPOSTA DE PREÇOS) CENTRO DE ESTUDOS DA HUMANIDADE CAMPUS PRESIDENTE JUSCELINO KUBITSCHEK - DIAMANTINA - MG
A2: 01.00 | B2: SERVIÇOS PRELIMINARES
A3: 01.01 | B3: MOB-002 | C3: MOBILIZAÇÃO E DESMOBILIZAÇÃO DE OBRA - PARA OBRAS EXECUTADAS EM CENTROS URBANOS OU PRÓXIMOS DE CENTROS URBANOS - APRESENTAR COMPOSIÇÃO DETALHADA
A5: 01.02 | B5: ADM-001 | C5: ADMINISTRAÇÃO LOCAL - CONF. DESMOSTRATIVO
B6: ADM-ENC-005 | C6: ENCARREGADO DE OBRA | D6: Mês | E6: 12 | G6: =E6*F6 -> 0
B7: ADM-APO-005 | C7: APONTADOR | D7: Mês | E7: 12 | G7: =E7*F7 -> 0
B8: ADM-ENG-010 | C8: ENGENHEIRO DE OBRAS PLENO - ENG CIVIL | D8: Mês | E8: 12 | G8: =E8*F8 -> 0
B9: ADM-ENG-011 | C9: ENGENHEIRO DE OBRAS PLENO ENG ELETRICISTA | D9: Mês | E9: 3 | G9: =E9*F9 -> 0
B10: ADM-TEC-010 | C10: TÉCNICO DE SEGURANÇA DO TRABALHO | D10: Mês | E10: 12 | G10: =E10*F10 -> 0
B11: MST-PCM-005 | C11: PCMAT | D11: Und | E11: 1 | G11: =E11*F11 -> 0
B12: MST-PCM-006 | C12: PCMSO | D12: Und | E12: 12 | G12: =E12*F12 -> 0
B13: DES-CES-005 | C13: CESTA BÁSICA | D13: und | E13: =120*12 -> 1440 | G13: =E13*F13 -> 0
B14: DES-TRA-005 | C14: TRANSPORTE PESSOAL - VALE TRANSPORTE | D14: und | E14: =120*2*22*12 -> 63360 | G14: =E14*F14 -> 0
B15: CON-AGU-015 | C15: CONSUMO DE ÁGUA - OBRAS COM VALOR ACIMA DE 3.000.000,01 | D15: Mês | E15: 12 | G15: =-E15*F15 -> 0
B16: CON-ELE-015 | C16: CONSUMO DE ENERGIA - OBRAS COM VALOR ACIMA DE 3.000.000,01 | D16: Mês | E16: 12 | G16: =-E16*F16 -> 0
B17: CON-ESC-015 | C17: MATERIAL DE ESCRITORIO - OBRAS COM VALOR ACIMA D E 3.000.000,01 | D17: Mês | E17: 12 | G17: =E17*F17 -> 0
B18: CON-LIM-015 | C18: MATERIAL DELIMPEZA - OBRAS COM VALOR ACIMA DE 3.000.000,01 | D18: Mês | E18: 12 | G18: =E18*F18 -> 0
B19: MST-AQU-005 | C19: AQUECEDOR DE MARMITA | D19: und | E19: 6 | G19: =E19*F19 -> 0
B20: MST-EXA-005 | C20: EXAME ADMISSIONAL/DEMISSIONAL | D20: und | E20: 600 | G20: =E20*F20 -> 0
B21: EPI-BOT-005 | C21: BOTINA SOLADO INJETADO DE AMARRAR PVC - PAR | D21: und | E21: 1700 | G21: =E21*F21 -> 0
B22: EPI-CAP-025 | C22: CAPACETE UNIVERSO | D22: und | E22: 600 | G22: =E22*F22 -> 0
B23: EPI-CAP-040 | C23: CARNEIRA MÓVEL | D23: und | E23: 600 | G23: =E23*F23 -> 0
B24: EPI-CIN-005 | C24: CINTO DE SEGURANÇA TIPO PÁRA-QUEDISTA | D24: und | E24: 60 | G24: =E24*F24 -> 0
B25: EPI-LUV-015 | C25: LUVA DE RASPA CANO CURTO - PAR | D25: und | E25: 800 | G25: =E25*F25 -> 0
B26: EPI-UNI-005 | C26: UNIFORME | D26: und | E26: 800 | G26: =E26*F26 -> 0
B27: FER-CAR-015 | C27: CARRINHOS CAPACIDADE DE 80 L COM RODA DE PNEU REFORÇADO | D27: und | E27: 200 | G27: =E27*F27 -> 0
B28: FER-DIS-005 | C28: DISCO PARA MAKITA | D28: und | E28: 400 | G28: =E28*F28 -> 0
B29: FER-DIS-015 | C29: DISCO PARA SERRA CIRCULAR | D29: und | E29: 100 | G29: =E29*F29 -> 0
B30: VALOR TOTAL DO ITEM | G30: =SUM(G6:G29) -> 0

Sheet CRONOGRAMA
A1: CENTRO DE ESTUDOS DA HUMANIDADE CAMPUS PRESIDENTE JUSCELINO KUBITSCHEK - DIAMANTINA - MG CRONOGRAMA FISICO FINANCEIRO
A2: ITEM | B2: DESCRIÇÃO | C2: TOTAL | E2: 1 MÊS | G2: 2 MÊS | I2: 3 MÊS | K2: 4 MÊS | M2: 5 MÊS | O2: 6 MÊS | Q2: 7 MÊS | S2: 8 MÊS | U2: 9 MÊS | W2: 10 MÊS | Y2: 11 MÊS | AA2: 12 MÊS
C3: % | D3: VALOR | E3: % | F3: VALOR | G3: % | H3: VALOR | I3: % | J3: VALOR | K3: % | L3: VALOR | M3: % | N3: VALOR | O3: % | P3: VALOR | Q3: % | R3: VALOR | S3: % | T3: VALOR | U3: % | V3: VALOR | W3: % | X3: VALOR | Y3: % | Z3: VALOR | AA3: % | AB3: VALOR
A4: 01.00 | B4: =PLANILHA!B7 -> SERVIÇOS PRELIMINARES | AD4: =E4+G4+I4+K4+M4+O4+Q4+S4+U4+W4+Y4+AA4 -> 0
A5: 02.00 | B5: =PLANILHA!B11 -> CANTEIRO DE OBRAS | AD5: =E5+G5+I5+K5+M5+O5+Q5+S5+U5+W5+Y5+AA5 -> 0
A6: 03.00 | B6: =PLANILHA!B22 -> MOVIMENTO DE TERRA | AD6: =E6+G6+I6+K6+M6+O6+Q6+S6+U6+W6+Y6+AA6 -> 0
A7: 04.00 | B7: =PLANILHA!B28 -> FUNDAÇÃO | AD7: =E7+G7+I7+K7+M7+O7+Q7+S7+U7+W7+Y7+AA7 -> 0
A8: 05.00 | B8: =PLANILHA!B41 -> IMPERMEABILIZAÇÃO | AD8: =E8+G8+I8+K8+M8+O8+Q8+S8+U8+W8+Y8+AA8 -> 0
A9: 06.00 | B9: =PLANILHA!B44 -> ESTRUTURAL | AD9: =E9+G9+I9+K9+M9+O9+Q9+S9+U9+W9+Y9+AA9 -> 0
A10: 07.00 | B10: =PLANILHA!B51 -> ALVENARIAS | AD10: =E10+G10+I10+K10+M10+O10+Q10+S10+U10+W10+Y10+AA10 -> 0
A11: 08.00 | B11: =PLANILHA!B56 -> COBERTURA | AD11: =E11+G11+I11+K11+M11+O11+Q11+S11+U11+W11+Y11+AA11 -> 0
A12: 09.00 | B12: =PLANILHA!B64 -> PISO | AD12: =E12+G12+I12+K12+M12+O12+Q12+S12+U12+W12+Y12+AA12 -> 0
A13: 10.00 | B13: =PLANILHA!B73 -> ESQUADRIAS | AD13: =E13+G13+I13+K13+M13+O13+Q13+S13+U13+W13+Y13+AA13 -> 0
A14: 11.00 | B14: =PLANILHA!B86 -> REVESTIMENTOS | AD14: =E14+G14+I14+K14+M14+O14+Q14+S14+U14+W14+Y14+AA14 -> 0
A15: 12.00 | B15: =PLANILHA!B95 -> PINTURA | AD15: =E15+G15+I15+K15+M15+O15+Q15+S15+U15+W15+Y15+AA15 -> 0
A16: 13.00 | B16: =PLANILHA!B108 -> INSTALAÇÕES ELETRICA | AD16: =E16+G16+I16+K16+M16+O16+Q16+S16+U16+W16+Y16+AA16 -> 0
A17: 14.00 | B17: =PLANILHA!B136 -> INSTALAÇÕES SPDA | AD17: =E17+G17+I17+K17+M17+O17+Q17+S17+U17+W17+Y17+AA17 -> 0
A18: 15.00 | B18: =PLANILHA!B152 -> INSTALAÇÃO DE CAMBATE E PREVENÇÃO DE INCENDIO | AD18: =E18+G18+I18+K18+M18+O18+Q18+S18+U18+W18+Y18+AA18 -> 0
A19: 16.00 | B19: =PLANILHA!B162 -> INSTALAÇÕES HIDROSANITÁRIAS | AD19: =E19+G19+I19+K19+M19+O19+Q19+S19+U19+W19+Y19+AA19 -> 0
A20: 17.00 | B20: =PLANILHA!B200 -> LOUCAS / ACESSORIOS E OUTROS | AD20: =E20+G20+I20+K20+M20+O20+Q20+S20+U20+W20+Y20+AA20 -> 0
A21: 18.00 | B21: =PLANILHA!B214 -> LIMPEZA DA OBRA | AD21: =E21+G21+I21+K21+M21+O21+Q21+S21+U21+W21+Y21+AA21 -> 0
A22: 19.00 | B22: =PLANILHA!B229 -> EQUIPAMENTOS | AD22: =E22+G22+I22+K22+M22+O22+Q22+S22+U22+W22+Y22+AA22 -> 0
B24: (R$) SIMPLES
B25: (%) SIMPLES
B27: (R$) ACUMULADO
B28: (%) ACUMULADO
A30: Pagina 03 de 03
